cohdb
Replays
Latest Replays
All Replays
Popular Replays
Top Player Replays
Match Explorer
How It Works
Community
CoH3 Stats
Reddit
Sign in to upload your games and track your stats! →
Sign in with Steam
Match 42922503
Unlisted
Match 42922503
Overview
Messages
Build Orders
End
Engineer Squad
Construct Barracks
1⁄4-ton 4x4 Truck
Riflemen Squad
Riflemen Squad
Construct Medical Station
Riflemen Squad
Construct Weapon Support Center
Bazooka Squad
Bazooka Squad
Improved M9 Bazooka Rockets
Infantry Support Center
Advanced Logistics
Selects Advanced Infantry Battlegroup
Selects Convert to Ranger Squad
Selects Convert to Ranger Squad
Selects Designate Assault Position
Convert to Ranger Squad
Selects Ranger Weapon Training
JEFG
Monsieur Nathan
0
0
Comments
sign in to comment!
No comments posted yet!